 Dungeon Crawl Stone Soup version bcrawl-1.21.3-16-g7f46a08de7 (webtiles) character file.

Game seed: 1263285030557656750

123 Chiseanne the Sneak (level 4, -4/21 HPs)
             Began as a Spriggan Archaeologist on May 4, 2020.
             Was an Initiate of Gozag.
             Killed by nerve-wracking pain
             ... invoked by an orc priest
              (12 damage)
             ... on level 4 of the Dungeon.
             The game lasted 00:05:55 (2564 turns).

Chiseanne the Sneak (Spriggan Archaeologist)        Turns: 2564, Time: 00:05:55

Health: -4/21      AC:  4    Str:  7    XL:     4   Next: 80%
Magic:  5/5        EV: 21    Int: 15    God:    Gozag
Gold:   203        SH:  0    Dex: 15    Spells: 3/3 levels left

rFire    . . .     SeeInvis +   a - +2 short sword (drain)
rCold    . . .     Gourm    .   (shield restricted)
rNeg     . . .     Faith    .   b - +1 robe
rPois    .         Spirit   .   c - +1 hat
rElec    .         Reflect  .   (no cloak)
rCorr    .         Harm     .   (gloves unavailable)
MR       .....                  (boots unavailable)
Stlth    ++++......             (no amulet)
HPRegen  0.07/turn              k - ring of wizardry
MPRegen  0.09/turn              (no ring)

@: very quick
A: very small, unfitting armour, see invisible, herbivore, speed 3, slow
metabolism 2
a: Potion Petition, Call Merchant, Bribe Branch, Renounce Religion


You were on level 4 of the Dungeon.
You worshipped Gozag.
Gozag was aware of your devotion.
You were not hungry.

You visited 1 branch of the dungeon, and saw 4 of its levels.

You collected 224 gold pieces.
You paid 21 gold pieces to Gozag.

Inventory:

Hand Weapons
 a - a +2 short sword of draining (weapon)
Missiles
 l - 90 sling bullets
 p - 168 arrows
 q - 109 poisoned needles
 r - 489 stones (quivered)
Armour
 b - a +1 robe (worn)
 c - a +1 hat (worn)
 d - a +1 robe
Jewellery
 k - a ring of wizardry (left hand)
Scrolls
 g - a scroll of magic mapping
 j - a scroll of identify
 o - a scroll of enchant weapon
Potions
 h - a potion of curing {unknown}
 i - a potion of haste {unknown}
 m - a potion of degeneration {unknown}
 n - 2 potions of mutation
Miscellaneous
 f - a dusty tome
Comestibles
 e - 8 rations {!d}


   Skills:
 - Level 0.7 Fighting
   Level 0.6 Maces & Flails
 * Level 6.5 Dodging
 * Level 7.1 Stealth


You had 3 spell levels left.
You didn't know any spells.
Your spell library was empty.

Dungeon Overview and Level Annotations

Branches:
Dungeon (4/12)
 Temple: D:4-7

Altars:
Gozag
Makhleb
Yredelemnul
Zin

Shops:
D:2 *


Innate Abilities, Weirdness & Mutations

You are very small and have problems with some larger weapons.
You are too small for most types of armour.
You have supernaturally acute eyesight. (SInv)
You are a herbivore.
You cover ground extremely quickly.
You need to consume almost no food.


Message History

You kill the orc!
You now have 203 gold pieces (gained 6).
You see here a +0 dagger.
There is a stone staircase leading down here.
You climb downwards.
You hear the sound of rushing water.
There is an entrance to a sewer on this level.
Hurry and find it before the portal rusts away!
You hear the rusting of a very distant drain.
The orc priest barely misses you.
There is a stone staircase leading up here.
You hit the orc priest. You drain the orc priest.
The orc priest is moderately wounded.
The orc priest mumbles some strange prayers to Beogh against you.
Beogh smites you!
Ouch! That really hurt!
The orc priest mumbles some strange prayers to Beogh against you.
Pain shoots through your body!
Ouch! That really hurt!
You die...
Your body crumbles into a pile of gold.

#...._∩#
#.o.h.#
#.o## ###o#
#o# #.# #.#
####
#.####....#
#..o@..##.#
###o........
#.##.##.##
#.# ... #.#
##.. #.# #
#.# #.. #..


You could see 2 orc priests.

Vanquished Creatures
  A hound (D:3)
  A bullfrog skeleton (D:4)
  2 adders (D:3)
  A worm (D:3)
  3 dart slugs
  5 leopard geckos
  3 orcs
  4 bats
  A giant cockroach (D:1)
  A hobgoblin (D:3)
  A jackal (D:2)
  3 kobolds
  A quokka (D:3)
  2 frilled lizards (D:2)
  5 rats
34 creatures vanquished.

Notes
Turn   | Place    | Note
-------+----------+-------------------------------------------
     0 | D:1      | Chiseanne the Spriggan Archaeologist began the quest for
                  | the Orb.
     0 | D:1      | Reached XP level 1. HP: 9/9 MP: 2/2
    19 | D:1      | Reached skill level 5 in Stealth
   626 | D:1      | Reached XP level 2. HP: 14/14 MP: 3/3
   755 | D:2      | Reached skill level 5 in Dodging
   981 | D:2      | Found an opulent altar of Gozag.
   988 | D:2      | Found Gozag's Platinum Reserve.
   989 | D:2      | Became a worshipper of Gozag Ym Sagoz the Greedy
  1081 | D:2      | Found a basalt altar of Yredelemnul.
  1238 | D:2      | Reached XP level 3. HP: 15/17 MP: 4/4
  1309 | D:2      | Found a glowing silver altar of Zin.
  1541 | D:3      | Reached skill level 6 in Stealth
  2211 | D:4      | Reached XP level 4. HP: 21/21 MP: 5/5
  2221 | D:4      | Found a burning altar of Makhleb.
  2245 | D:3      | Reached skill level 7 in Stealth
  2282 | D:4      | HP: 1/21 [orc priest/divine providence (10)]
  2564 | D:4      | Killed from afar by an orc priest

Skill      XL: |  1  2  3  4 |
---------------+-------------+-----
Stealth        | 5 6 7 |  7.1
Dodging        | 5 6 |  6.5
Fighting       | |  0.7
Maces & Flails | |  0.6

Action                   |  1- 3 |  4- 6 || total
-------------------------+-------+-------++-------
Melee: Whip              |    58 |       ||    58
       Mace              |    70 |       ||    70
       Short sword       |    38 |    22 ||    60
Throw: Stone             |       |    12 ||    12
  Use: Scroll            |     7 |       ||     7
 Stab: Sleeping          |     7 |       ||     7
Armor: Robe              |    30 |     2 ||    32
Dodge: Dodged            |   163 |    28 ||   191
